 Dungeon Crawl Stone Soup version 0.24.0-2-g5b39cebb1c (webtiles) character file.

Game seed: 6050407184224809544, levelgen mode: deterministic

6526 ventricule the Nimble (level 10, -5/57 HPs)
             Began as a Deep Elf Assassin on Oct 30, 2019.
             Was a Believer of Vehumet.
             Slain by a three-headed hydra (13 damage)
             ... on level 8 of the Dungeon.
             The game lasted 00:40:06 (13390 turns).

ventricule the Nimble (Deep Elf Assassin)          Turns: 13390, Time: 00:40:06

Health: -5/57      AC:  9    Str:  8    XL:     10   Next: 69%
Magic:  2/15       EV: 19    Int: 20    God:    Vehumet [**....]
Gold:   404        SH:  0    Dex: 16    Spells: 5/13 levels left

rFire    . . .     SeeInvis .   x - +1 rapier (elec)
rCold    . . .     Gourm    .   (no shield)
rNeg     . . .     Faith    .   b - +0 robe
rPois    .         Spirit   .   y - +2 helmet
rElec    .         Reflect  .   c - +0 cloak
rCorr    .         Harm     .   E - +1 pair of gloves (curse)
MR       +....                  (no boots)
Stlth    +++.......             o - amulet of the acrobat
HPRegen  0.19/turn              O - +1 ring of protection
MPRegen  0.14/turn              (no ring)

@: no status effects
A: no striking features
a: Renounce Religion


You were on level 8 of the Dungeon.
You worshipped Vehumet.
Vehumet was pleased with you.
You were hungry.

You visited 2 branches of the dungeon, and saw 10 of its levels.

You collected 404 gold pieces.

Inventory:

Hand Weapons
 a - a +3 dagger
 j - the +5 dagger of Jeutoxzi {venom, +Blink}
   (You took it off an orc priest on level 4 of the Dungeon)

   It poisons the flesh of those it strikes.
   It lets you blink.
 s - a +1 falchion of holy wrath
 x - a +1 rapier of electrocution (weapon)
Missiles
 r - 4 poisoned darts (quivered)
 u - 7 boomerangs
 H - 5 atropa-tipped darts
 N - 2 javelins
 Q - 263 stones
Armour
 b - a +0 robe (worn)
 c - a +0 cloak (worn)
 f - a +0 cloak of invisibility
 g - a scarf of spirit shield
 p - a +0 pair of gloves
 y - a +2 helmet (worn)
 E - a cursed +1 pair of gloves (worn)
 M - a +0 helmet
Magical Staves
 F - an uncursed staff of summoning {unknown}
Jewellery
 o - an amulet of the acrobat (around neck)
 w - an uncursed amulet of magic regeneration {unknown}
 C - an uncursed amulet of the gourmand
 O - a +1 ring of protection (left hand)
Wands
 t - a wand of polymorph (4)
 v - a wand of flame (16)
 z - a wand of disintegration (3)
 D - a wand of digging (3)
Scrolls
 i - a scroll of identify
 k - 3 scrolls of magic mapping {!r}
 J - 4 scrolls of remove curse
 R - a scroll of amnesia
Potions
 d - a potion of might
 h - a potion of haste
 n - 2 potions of degeneration {!q}
 A - a potion of flight {unknown}
 B - a potion of magic
 G - a potion of ambrosia
 I - a potion of mutation {!q}
 K - a potion of brilliance
 L - 3 potions of invisibility {unknown}
Comestibles
 e - 14 rations
 m - 5 chunks of flesh


   Skills:
 - Level 4.2 Fighting
 - Level 7.1 Short Blades
 - Level 6.1 Throwing
 - Level 10.0 Dodging
 - Level 6.0 Stealth
 - Level 2.1 Spellcasting
 - Level 4.5 Conjurations
 + Level 8.6 Earth Magic


You had 5 spell levels left.
You knew the following spells:

 Your Spells              Type           Power        Failure   Level  Hunger
x - Stone Arrow           Conj/Erth      ####..       3%          3    ###....
z - Lee's Rapid Deconstr  Erth           #####.....   12%         5    ######.

Your spell library contained the following spells:

 Spells                   Type           Power        Failure   Level  Hunger
 Throw Flame              Conj/Fire      ##....       10%         2    ##.....
 Sandblast                Erth           #####.       1%          1    #......
 Passwall                 Tmut/Erth      ###.....     4%          2    ##.....
 Petrify                  Tmut/Erth      ###.....     26%         4    #####..


Dungeon Overview and Level Annotations

Branches:
Dungeon (9/15)             Temple (1/1) D:6
   Lair: D:8-11         Orc: D:9-12

Altars:
Ashenzari
Cheibriados
Dithmenos
Elyvilon
Fedhas
Gozag
Hepliaklqana
Kikubaaqudgha
Makhleb
Nemelex Xobeh
Okawaru
Qazlal
Ru
Sif Muna
Trog
Uskayaw
Vehumet
Wu Jian
Xom
Yredelemnul
Zin
The Shining One

Annotations:
D:9 exclusion: lindwurm


Message History

The three-headed hydra closely misses you. x2
The three-headed hydra bites you!
* * * LOW HITPOINT WARNING * * *
You regained 15 hp, and now have 18/57 hp.
Okay, then.
Throwing (i - inventory. (/) - cycle)
r - 4 poisoned darts (quivered)
Aim: a three-headed hydra (almost dead)
Okay, then.
You hit the three-headed hydra.
The three-headed hydra barely misses you.
The three-headed hydra bites you!
* * * LOW HITPOINT WARNING * * *
The three-headed hydra closely misses you.
You take 17 damage, and have 1/57 hp.
MASSIVE DAMAGE!!
Okay, then.
There is an open gate here.
Okay, then.
You feel better. The three-headed hydra bites you!
You die...

##.#.#.....#.
....#.# ######
#..#.......#.
....#.#
##.###.....#.
.C..#. #÷# #######
#.# ##### #.####
.... ...#
#..÷.##########
....###.###
######.#.....#..#
.<.)....[..
#......#≈....'÷.#
#.......##<
#.....)#..P..@..#
#.......###
#.......≈....D..#
........###
#......#.....#..#
#.........#
##......#≈.P≈P##)#
#......##.#
#.......#P≈≈≈≈#.%#
#.#.#.....#
#.......#PP≈P.+).#
# #.......#
#....#############
######... #....#
#### #....#


You could see a three-headed hydra.

Levels and vault maps discovered:
D:1:      evilmike_arrival_plus, layout_loops_corners,
          minmay_misc_feat_ornament, minmay_ruptured
D:2:      layout_basic, makhleb_grotto_becter, first_ration
D:3:      layout_loops_ring, lemuel_round_altar, kennysheep_generic_room_11,
          uniq_sigmund
D:4:      minmay_octagon_keep, layout_basic, roderic_lattice_a
D:5:      layout_cave_pools, nicolae_sextant
D:6:      layout_basic, kennysheep_mini, minitemple, minmay_temple_entry_glass,
          uniq_blork_the_orc
D:7:      layout_rooms, minivault_14
D:8:      layout_basic, hangedman_ranch [blue_anna_fruit_fields],
          dk_noncrumbling_3
D:9:      layout_gridville, orc_0_dummy, minmay_lindwurm_lava
Temple:   lightli_temple_of_artemis

Notes
Turn   | Place    | Note
-------+----------+-------------------------------------------
     0 | D:1      | ventricule the Deep Elf Assassin began the quest for the
                  | Orb.
     0 | D:1      | Reached XP level 1. HP: 12/12 MP: 3/3
   161 | D:1      | Reached skill level 5 in Stealth
   210 | D:1      | Reached XP level 2. HP: 7/16 MP: 4/4
   525 | D:1      | Identified a +0 whip
   791 | D:1      | Identified a +0 club
   798 | D:1      | Reached skill level 2 in Dodging
  1370 | D:2      | Reached XP level 3. HP: 16/20 MP: 5/5
  1540 | D:2      | Identified an amulet of the acrobat (You found it on level
                  | 2 of the Dungeon)
  1827 | D:2      | Reached XP level 4. HP: 16/25 MP: 6/6
  1955 | D:2      | Identified a +0 club
  1958 | D:2      | Identified a +0 short sword
  1963 | D:2      | Identified a +0 dagger
  2289 | D:2      | Identified a +0 dagger
  2298 | D:2      | Identified a cursed +0 club
  2437 | D:2      | Identified a +0 club
  2714 | D:2      | Reached skill level 3 in Short Blades
  2879 | D:2      | Found a burning altar of Makhleb.
  3076 | D:2      | Identified a +0 pair of gloves (You found it on level 2 of
                  | the Dungeon)
  3080 | D:3      | Identified a +0 scythe
  3080 | D:3      | Identified a +0 robe
  3080 | D:3      | Noticed Sigmund
  3112 | D:3      | Identified a +0 short sword
  3112 | D:3      | Identified a +0 ring mail
  3112 | D:3      | Identified a +2 war axe of venom
  3112 | D:3      | Identified a +0 ring mail
  3281 | D:3      | Identified a +0 flail
  3281 | D:3      | Identified a +0 leather armour
  3282 | D:3      | Identified a +0 short sword
  3551 | D:3      | Found a shimmering blue altar of Sif Muna.
  3559 | D:3      | Reached skill level 3 in Throwing
  3698 | D:3      | Reached skill level 3 in Dodging
  3775 | D:3      | Reached XP level 5. HP: 22/29 MP: 7/7
  3939 | D:3      | Identified a +1 falchion of holy wrath (You found it on
                  | level 3 of the Dungeon)
  3940 | D:3      | Identified a +2 dagger
  3992 | D:3      | Identified a +0 dagger
  4316 | D:3      | Identified a +0 dagger
  4316 | D:3      | Identified a +0 robe
  4317 | D:3      | Identified a +0 whip
  4318 | D:3      | Identified a +0 hand axe
  4318 | D:3      | Identified a +0 scale mail
  4320 | D:3      | Identified a cursed -1 whip
  4322 | D:3      | Identified a +0 club
  4534 | D:3      | Reached skill level 6 in Stealth
  4792 | D:3      | Identified a +0 club
  4792 | D:3      | Identified a +0 ring mail
  4846 | D:3      | Identified a +0 trident
  4884 | D:3      | Identified a cursed -3 dagger
  4884 | D:3      | Identified a +0 dagger
  4884 | D:3      | Identified a +0 robe
  4887 | D:3      | Identified a +0 club
  4889 | D:3      | Identified a +0 morningstar
  4894 | D:3      | Identified 3 potions of curing
  5112 | D:4      | Identified a +0 club
  5112 | D:4      | Identified a +0 dagger
  5112 | D:4      | Identified a +0 short sword
  5414 | D:4      | Identified 2 scrolls of identify
  5414 | D:4      | Identified a potion of heal wounds
  5420 | D:4      | Identified a +0 helmet (You found it on level 3 of the
                  | Dungeon)
  5420 | D:4      | Identified a scroll of remove curse
  5421 | D:4      | Identified a scroll of enchant weapon
  5422 | D:4      | Identified a scroll of fog
  5423 | D:4      | Identified 2 scrolls of magic mapping
  5550 | D:4      | Identified a scarf of spirit shield (You found it on level
                  | 4 of the Dungeon)
  5556 | D:4      | Noticed a phantom
  5556 | D:4      | Identified the +5 dagger of Jeutoxzi {venom, +Blink}
  5573 | D:4      | Reached XP level 6. HP: 18/34 MP: 1/8
  5592 | D:4      | HP: 8/34 [phantom (5)]
  5593 | D:4      | Identified 2 potions of might
  5600 | D:4      | Reached skill level 4 in Dodging
  5934 | D:4      | Reached skill level 4 in Short Blades
  5934 | D:4      | Reached skill level 4 in Throwing
  5997 | D:4      | Identified a +0 mace
  6204 | D:4      | Identified a scroll of amnesia
  6205 | D:4      | Identified a scroll of teleportation
  6265 | D:4      | Identified a +0 mace
  6265 | D:4      | Identified a +0 leather armour
  6266 | D:4      | Reached XP level 7. HP: 38/38 MP: 9/9
  6303 | D:4      | Identified a +1 rapier of electrocution (You found it on
                  | level 4 of the Dungeon)
  6304 | D:4      | Identified 2 potions of degeneration
  6315 | D:4      | Identified a +0 cloak
  6699 | D:5      | Entered Level 5 of the Dungeon
  6702 | D:5      | Identified a +0 falchion
  6746 | D:5      | Reached skill level 5 in Dodging
  6782 | D:5      | Identified a +0 giant spiked club
  6899 | D:5      | Identified a +0 giant spiked club
  6979 | D:5      | Reached skill level 5 in Short Blades
  7239 | D:5      | Reached skill level 5 in Throwing
  7349 | D:5      | Identified a cursed -1 shortbow
  7554 | D:6      | Identified a cursed +5 morningstar
  7554 | D:6      | Identified a +0 robe
  7555 | D:6      | Identified a +3 hand axe
  7555 | D:6      | Identified a +0 robe
  7843 | D:6      | Reached skill level 6 in Dodging
  7963 | D:6      | Identified a +3 great sword
  7963 | D:6      | Identified a +0 robe
  7963 | D:6      | Identified a +0 halberd
  7963 | D:6      | Identified a +0 robe
  7978 | D:5      | Reached XP level 8. HP: 43/43 MP: 10/10
  8373 | D:6      | Identified a +0 hand axe
  8384 | D:6      | Identified a +0 shortbow
  8631 | D:6      | Identified a +0 flail
  8631 | D:6      | Identified a +0 chain mail
  8633 | D:6      | Identified a +0 dagger
  8634 | D:6      | Identified a +0 club
  8641 | D:6      | Reached skill level 6 in Short Blades
  8641 | D:6      | Reached skill level 6 in Throwing
  8652 | D:6      | Identified a +0 dagger
  8652 | D:6      | Identified a +0 robe
  8776 | D:6      | Reached skill level 7 in Dodging
  8803 | D:6      | Found a staircase to the Ecumenical Temple.
  8822 | D:6      | Identified a +0 hand axe
  8822 | D:6      | Identified a +0 robe
  8822 | D:6      | Noticed Blork the orc
  8844 | D:6      | Identified 2 potions of ambrosia
  8845 | D:6      | Identified 2 potions of lignification
  8852 | D:6      | Killed Blork the orc
  8919 | D:6      | Identified a potion of haste
  8930 | D:6      | Identified a cursed +0 pair of gloves (You found it on
                  | level 5 of the Dungeon)
  8944 | D:6      | Identified a +2 helmet (You found it on level 5 of the
                  | Dungeon)
  9003 | D:6      | Reached skill level 8 in Dodging
  9050 | D:6      | Identified a cursed +0 short sword
  9050 | D:6      | Identified a cursed -3 dagger
  9050 | D:6      | Identified a +0 robe
  9051 | D:6      | Identified a cursed -3 dagger
  9071 | D:6      | Reached skill level 7 in Short Blades
  9086 | Temple   | Entered the Ecumenical Temple
  9173 | Temple   | Became a worshipper of Vehumet
  9344 | D:6      | Found a hazy altar of Hepliaklqana.
  9553 | D:6      | Learned a level 3 spell: Stone Arrow
  9629 | D:6      | Reached XP level 9. HP: 38/47 MP: 11/11
  9750 | D:6      | Reached skill level 1 in Spellcasting
  9776 | D:6      | Found a shimmering altar of Xom.
  9780 | D:6      | Identified a potion of brilliance
  9781 | D:6      | Identified a scroll of enchant armour
  9782 | D:6      | Found a glowing golden altar of the Shining One.
  9783 | D:6      | Found a shadowy altar of Dithmenos.
  9785 | D:6      | Identified a potion of magic
  9837 | D:7      | Reached skill level 1 in Conjurations
  9837 | D:7      | Reached skill level 1 in Earth Magic
 10013 | D:7      | Reached skill level 2 in Spellcasting
 10056 | D:7      | Identified a ring of protection (You found it on level 7 of
                  | the Dungeon)
 10261 | D:7      | Reached skill level 2 in Conjurations
 10261 | D:7      | Reached skill level 2 in Earth Magic
 10345 | D:7      | Identified a +0 flail
 10345 | D:7      | Identified a +0 club
 10345 | D:7      | Identified a +0 leather armour
 10628 | D:7      | Identified an amulet of the gourmand (You found it on level
                  | 5 of the Dungeon)
 10642 | D:8      | Identified a +0 dagger
 10642 | D:8      | Identified a +0 robe
 10642 | D:8      | Identified a +0 mace
 10643 | D:8      | Identified a +2 glaive of venom
 10643 | D:8      | Identified a +0 plate armour
 10643 | D:8      | Identified a +0 dagger
 10643 | D:8      | Identified a +0 robe
 10652 | D:8      | Reached * piety under Vehumet
 10652 | D:8      | Offered knowledge of Sting by Vehumet.
 10653 | D:8      | Identified a +0 whip
 10653 | D:8      | Identified a +0 leather armour
 10798 | D:8      | Reached skill level 3 in Conjurations
 10798 | D:8      | Reached skill level 3 in Earth Magic
 10915 | D:8      | Identified a potion of mutation
 11039 | D:8      | Noticed a red ugly thing
 11058 | D:8      | Reached skill level 4 in Conjurations
 11058 | D:8      | Reached skill level 4 in Earth Magic
 11234 | D:8      | Noticed a cyclops
 11266 | D:9      | Learned a level 5 spell: Lee's Rapid Deconstruction
 11266 | D:9      | Noticed a troll
 11307 | D:9      | meem: I'm meem, an infobot run by MalcolmRoseGaming: Type
                  | !submeem to keep me in your games; !nomeem to shut me up
                  | forever; !meem for help; !whymeem if you want to know why
                  | meem exists. Visit http://youtube.com/malcolmrosegaming for
                  | more DCSS content.
 11314 | D:9      | Killed a troll
 11314 | D:9      | Reached skill level 2 in Fighting
 11314 | D:9      | Reached skill level 5 in Earth Magic
 11445 | D:9      | Identified a +0 shortbow
 11452 | D:9      | Identified a +0 giant club
 11452 | D:9      | Identified a +0 giant spiked club
 11452 | D:9      | Noticed a two-headed ogre
 11521 | D:9      | Identified a +0 flail
 11522 | D:9      | ventricule: !submeem
 11522 | D:9      | meem: Subscribed. I will never ban you, give you up, let
                  | you down, run around, or desert you. I will now watch all
                  | games of user ventricule
 11522 | D:9      | ventricule: !beem
 11522 | D:9      | beem: I'm a bot that sends commands to the DCSS IRC
                  | knowledge bots. For details, see
                  | https://github.com/gammafunk/beem/blob/master/docs/commands
                  | .md and to have me watch your games on this server, type:
                  | !subscribe
 11522 | D:9      | meem: beem[1/6]: beem is a WebTiles chat bot that sends
                  | commands to the DCSS IRC knowledge bots. For details, see
                  | https://github.com/gammafunk/beem/blob/master/docs/commands
                  | .md ; if you see beem in chat, type the following to have
                  | it watch your games on that server: !subscribe
 11522 | D:9      | ventricule: !beem[2]
 11522 | D:9      | ventricule: !unsubscribe
 11522 | D:9      | beem: Unsubscribed. I will no longer watch games of user
                  | ventricule. Bye!
 11550 | D:9      | Killed a two-headed ogre
 11550 | D:9      | Reached skill level 3 in Fighting
 11550 | D:9      | Reached skill level 9 in Dodging
 11550 | D:9      | Reached XP level 10. HP: 56/56 MP: 4/15
 11566 | D:9      | Identified a +0 dagger
 11566 | D:9      | Identified a +0 robe
 11569 | D:9      | Identified a +0 dagger
 11569 | D:9      | Identified a +0 robe
 11703 | D:9      | Identified a +0 giant club
 11703 | D:9      | Identified a +0 giant club
 11703 | D:9      | Noticed a two-headed ogre
 11703 | D:9      | Identified a +0 short sword
 11800 | D:9      | Killed a two-headed ogre
 11800 | D:9      | Reached skill level 6 in Earth Magic
 11909 | D:9      | Noticed a lindwurm
 11959 | D:9      | Identified a +0 club
 11960 | D:9      | Identified a +0 spear
 11962 | D:9      | Identified a +0 hand axe
 11983 | D:8      | Identified a +0 hand axe
 11983 | D:8      | Identified a +0 leather armour
 11983 | D:8      | Identified a +0 mace
 11988 | D:8      | Identified a +0 flail
 11988 | D:8      | Identified a +0 scale mail
 12034 | D:9      | Identified a +0 mace
 12034 | D:9      | Identified a +0 leather armour
 12038 | D:9      | Identified a +0 short sword
 12038 | D:9      | Identified a +0 dagger
 12038 | D:9      | Identified a +0 robe
 12049 | D:9      | Identified a cursed +0 giant spiked club
 12066 | D:9      | Identified a scroll of noise
 12311 | D:3      | Killed Sigmund
 12327 | D:3      | Offered knowledge of Throw Flame by Vehumet.
 12732 | D:8      | Reached skill level 4 in Fighting
 12817 | D:8      | Killed a red ugly thing
 12817 | D:8      | Reached ** piety under Vehumet
 12817 | D:8      | Reached skill level 10 in Dodging
 12817 | D:8      | Reached skill level 7 in Earth Magic
 13081 | D:8      | Identified a +0 hand axe of flaming
 13126 | D:8      | Reached skill level 8 in Earth Magic
 13379 | D:8      | Identified a +0 halberd
 13379 | D:8      | Noticed a three-headed hydra
 13386 | D:8      | HP: 3/57 [three-headed hydra (14)]
 13388 | D:8      | HP: 1/57 [three-headed hydra (17)]
 13390 | D:8      | Slain by a three-headed hydra

Table legend:
 A = Turns spent in this place as a percentage of turns spent in the entire game.
 B = Non-inter-level travel turns spent in this place as a percentage of non-inter-level travel turns spent in the entire game.
 C = Inter-level travel turns spent in this place as a percentage of turns spent in this place.
 D = Turns resting spent in this place as a percentage of non-inter-level travel turns spent in this place.
 E = Turns spent auto-exploring this place as a percentage of non-inter-level travel turns spent in this place.
 F = Non-inter-level travel turns spent in this place divided by the number of levels of this place that you've seen.
                   A       B       C       D       E      F
               +-------+-------+-------+-------+-------+----------------------
         Total | 100.0 | 100.0 |   5.7 |  39.0 |  40.6 | 1262.9
       Dungeon |  99.2 |  99.3 |   5.6 |  39.3 |  40.2 | 1393.3
        Temple |   0.8 |   0.7 |  15.2 |   0.0 |  92.1 |  89.0
               +-------+-------+-------+-------+-------+----------------------

Table legend:
 A = Kills in this place as a percentage of kills in entire the game.
 B = Kills by you in this place as a percentage of kills by you in the entire game.
 C = Kills by friends in this place as a percentage of kills by friends in the entire game.
 D = Other kills in this place as a percentage of other kills in the entire game.
 E = Experience gained in this place as a percentage of experience gained in the entire game.
 F = Experience gained in this place divided by the number of levels of this place that you have seen.
                   A       B       C       D       E      F
               +-------+-------+-------+-------+-------+----------------------
         Total | 100.0 | 100.0 |   N/A | 100.0 | 100.0 | 932.4
       Dungeon | 100.0 | 100.0 |   N/A | 100.0 | 100.0 | 1036.0
               +-------+-------+-------+-------+-------+----------------------

Skill      XL: |  1  2  3  4  5  6  7  8  9 10 |
---------------+-------------------------------+-----
Stealth        | 5 6 |  6.0
Dodging        | 2 3 4 6 8 9 10 | 10.0
Short Blades   | 3 4 5 7 |  7.1
Throwing       | 3 4 5 6 |  6.1
Spellcasting   | 2 |  2.1
Conjurations   | 4 |  4.5
Earth Magic    | 5 8 |  8.6
Fighting       | 3 4 |  4.2

Action                   |  1- 3 |  4- 6 |  7- 9 | 10-12 || total
-------------------------+-------+-------+-------+-------++-------
Melee: Dagger            |    46 |   194 |     9 |       ||   249
       Rapier            |       |       |   330 |    77 ||   407
Throw: Dart              |    19 |    37 |    57 |    29 ||   142
       Stone             |       |    16 |     2 |       ||    18
       Boomerang         |       |     2 |    35 |    28 ||    65
 Cast: Stone Arrow       |       |       |     5 |    22 ||    27
       Lee's Rapid Decon |       |       |       |     4 ||     4
Evoke: Wand              |       |       |       |     3 ||     3
  Use: Scroll            |       |     7 |     8 |     2 ||    17
       Potion            |       |     4 |     4 |     5 ||    13
 Stab: Sleeping          |     8 |    15 |     8 |     3 ||    34
  Eat: Chunk             |     3 |    10 |    10 |    10 ||    33
       Ration            |       |     1 |     2 |       ||     3
Armor: Robe              |    13 |    24 |    57 |    13 ||   107
       Skin              |       |       |    18 |     5 ||    23
Dodge: Dodged            |    23 |   101 |   268 |    65 ||   457

Vanquished Creatures
  2 two-headed ogres (D:9)
  An ugly thing (D:8)
  A troll (D:9)
  2 dream sheep (D:8)
  Sigmund (D:3)
  2 yaks (D:8)
  2 black bears
  3 phantoms
  An orc warrior (D:8)
  A sky beast (D:8)
  A necrophage (D:8)
  2 ogres (D:5)
  A hornet zombie (D:8)
  3 ice beasts
  3 centaurs
  Blork the orc (D:6)
  4 bullfrogs
  3 big kobolds (D:8)
  3 scorpions
  4 wights
  3 howler monkeys
  An electric eel (D:7)
  A bullfrog zombie (D:8)
  4 crimson imps
  3 centaur zombies
  3 hounds
  A bullfrog skeleton (D:8)
  7 orc priests
  An iguana (D:6)
  9 orc wizards
  7 worker ants
  A hound zombie (D:7)
  A worker ant zombie (D:5)
  3 gnolls
  15 adders
  2 oozes
  2 adder skeletons
  An adder zombie (D:8)
  3 worms
  3 dart slugs
  4 leopard geckos
  32 orcs
  2 ball pythons (D:2)
  4 giant cockroaches
  5 goblins
  6 hobgoblins
  8 jackals
  8 quokkas
  6 bats
  3 frilled lizards
  6 kobolds
  A leopard gecko skeleton (D:4)
  A leopard gecko zombie (D:7)
  A quokka skeleton (D:5)
  A quokka zombie (D:5)
  3 rats
203 creatures vanquished.
